 Dungeon Crawl Stone Soup version 0.30.0-5-g1a98f26d00 (webtiles) character file.

Game seed: 8664661780240578977

8547 Kranky the Grappler (level 11, -1/102 HPs)
             Began as a Troll Fighter on May 11, 2023.
             Was an Initiate of Wu Jian.
             Slain by a troll (16 damage)
             ... on level 10 of the Dungeon on May 12, 2023.
             The game lasted 00:20:10 (7527 turns).

Kranky the Grappler (Troll Fighter)                 Turns: 7527, Time: 00:20:10

Health: -1/102     AC:  5    Str: 26    XL:     11   Next: 11%
Magic:  10/10      EV:  9    Int:  8    God:    Wu Jian [......]
Gold:   590        SH: 15    Dex:  9    Spells: 10/10 levels left

rFire   + .          .
                       - Unarmed
rCold   + . .        w - +0 tower shield
rNeg    . . .        C - +1 robe "Dodyv" {rC+ rCorr}
rPois   .            (helmet restricted)
rElec   .            (no cloak)
rCorr   +            (gloves unavailable)
SInv    .            (boots unavailable)
Will    +....        v - amulet of the acrobat
Stlth   +            z - ring of willpower
HPRegen 1.17/turn    u - ring of protection from fire
MPRegen 0.12/turn

%: acrobat
@: studying Invocations
A: large, unfitting armour, claws 3, regeneration 1, shaggy fur 1, tough skin 1
a: Renounce Religion


You were on level 10 of the Dungeon.
You worshipped Wu Jian.
Wu Jian was noncommittal.
You visited 2 branches of the dungeon, and saw 11 of its levels.
You also visited: Ossuary.

You collected 635 gold pieces.
You spent 45 gold pieces at shops.

Inventory:

Armour
 a - a +0 robe
 b - a +0 kite shield
 w - a +0 tower shield (worn)
 C - the +1 robe "Dodyv" (worn) {rC+ rCorr}
   (You took it off a gnoll bouda on level 6 of the Dungeon)

   rC:        It protects you from cold.
   rCorr:     It protects you from acid and corrosion.
Jewellery
 e - a ring of resist corrosion
 f - a ring of magical power
 h - an amulet of reflection
 i - a ring of ice
 j - an amulet of magic regeneration
 u - a ring of protection from fire (right claw)
 v - an amulet of the acrobat (around neck)
 z - a ring of willpower (left claw)
 B - a ring of flight
 G - a ring of protection from fire
Wands
 o - a wand of flame (38)
 K - a wand of roots (7)
 M - a wand of digging (6)
Scrolls
 d - a scroll of amnesia
 m - 5 scrolls of teleportation
 n - a scroll of poison
 x - 5 scrolls of blinking
 y - 2 scrolls of immolation
 A - a scroll of torment {unknown}
 F - a scroll of brand weapon {unknown}
 H - a scroll of enchant weapon {unknown}
 J - 2 scrolls of identify
Potions
 c - 7 potions of might
 g - a potion of cancellation {unknown}
 k - 2 potions of berserk rage
 l - 2 potions of haste
 q - a potion of resistance {unknown}
 r - 3 potions of attraction
 s - 3 potions of curing
 t - 3 potions of heal wounds
 D - a potion of invisibility {unknown}
 E - 2 potions of brilliance
 I - 2 potions of flight
Miscellaneous
 N - a lightning rod (4/4)


   Skills:
 + Level 5.1 Fighting
 + Level 4.5 Dodging
 + Level 10.0 Shields
 + Level 12.1 Unarmed Combat


You had 10 spell levels left.
You didn't know any spells.
Your spell library contained the following spells:

 Spells                   Type           Power      Damage    Failure   Level
 Shock                    Conj/Air       0%         1d3       80%         1
 Cigotuvi's Dreadful Rot  Necr/Pois/Air  0%         N/A       91%         2
 Frozen Ramparts          Ice            0%         1d1       99%         3
 Gell's Gravitas          Tloc           0%         N/A       99%         3
 Ozocubu's Armour         Ice            0%         N/A       99%         3
 Summon Guardian Golem    Hex/Summ       0%         N/A       99%         3
 Swiftness                Air            0%         N/A       99%         3
 Teleport Other           Tloc           0%         N/A       99%         3
 Airstrike                Air            0%         2d(0-16)  100%        4
 Dispel Undead            Necr           0%         3d6       100%        4
 Ice Form                 Ice/Tmut       0%         N/A       100%        4
 Summon Ice Beast         Ice/Summ       0%         N/A       100%        4
 Metabolic Englaciation   Hex/Ice        0%         N/A       100%        5
 Death Channel            Necr           0%         N/A       100%        6
 Dispersal                Tloc           0%         N/A       100%        6
 Simulacrum               Ice/Necr       0%         N/A       100%        6
 Orb of Destruction       Conj           0%         9d5       100%        7
 Spellforged Servitor     Conj/Summ      0%         N/A       100%        7


Dungeon Overview and Level Annotations

Branches:
Dungeon (10/15)            Temple (1/1) D:5            Lair (0/5) D:9
    Orc (0/2) D:9         Ossuary (visited)

Altars:
Ashenzari
Cheibriados
Dithmenos
Elyvilon
Fedhas
Gozag
Hepliaklqana
Kikubaaqudgha
Makhleb
Nemelex Xobeh
Okawaru
Qazlal
Ru
Sif Muna
Trog
Uskayaw
Vehumet
Wu Jian
Xom
Yredelemnul
Zin
The Shining One
Lugonu

Shops:
D:5 *   D:6 (


Innate Abilities, Weirdness & Mutations

You are too large for most types of armour.
You have claws for hands.
Your natural rate of healing is unusually fast.
You are covered in fur. (AC +1)
You have tough skin. (AC +1)


Message History

An electric eel comes into view.
The electric eel shoots out a bolt of lightning at you!
The bolt of electricity hits the plant.
The plant begins to die.
The bolt of electricity hits you! The troll closely misses you.
The troll barely misses you. The troll claws you.
You barely miss the troll.
The electric eel shoots out a bolt of lightning at you!
The bolt of electricity hits you! You block the troll's attack.
The troll closely misses you. You block the troll's attack.
You mangle the troll!!
The troll is heavily wounded.
You hear the faint creaking of a distant portcullis.
The electric eel shoots out a bolt of lightning at you!
The bolt of electricity hits you. The troll bites you! The troll claws you.
You block the troll's attack.
You are too injured to fight recklessly!
You are too injured to fight recklessly!
You are too injured to fight recklessly!
Unknown command.
You are too injured to fight recklessly!
The electric eel shoots out a bolt of lightning at you!
The bolt of electricity hits you!
The bolt of electricity hits the plant!
The plant begins to die.
The bolt of electricity hits the plant!
The electric eel shoots out a bolt of lightning at you!
The bolt of electricity hits you!
* * * LOW HITPOINT WARNING * * *
The electric eel shoots out a bolt of lightning at you!
The bolt of electricity hits you!
* * * LOW HITPOINT WARNING * * *
You scratch the troll but do no damage.
The troll is heavily wounded.
A nearby plant withers and dies.
The electric eel shoots out a bolt of lightning at you!
The bolt of electricity hits the electric eel.
The electric eel completely resists.
The bolt of electricity hits you.
* * * LOW HITPOINT WARNING * * *
The troll misses you. You block the troll's attack.
The troll claws you but does no damage. The troll attacks as you move away!
The troll bites you!
You die...

,,,,,,,...♣~~~~~P~~~~≈≈≈~~~~~~~~~
,,,,**,,#~♣~~♣~~~≈≈≈≈≈≈≈~~~~~~~~~
**,,**,,~♣~~~~~P≈≈≈≈≈≈≈≈~~~~~~~~~
**,,**,,*♣P~~P~~≈≈≈≈S≈≈≈~~~~~~~~~
,,,,*,,,*♣~~†♣~~≈≈≈≈≈≈≈≈~~~~~~~~~
,,,,+,...♣♣~~~~~♣≈S≈≈≈≈≈~~~~~*~~~
,,,,*.....~~P~~~~~~≈≈≈≈≈~~~~~~*~~
*,,,*#####..♣~~T♣~~~~~~≈~~~~~~~~*
*,,,*****#+##P~♣@♣♣~P~P~~~~~**~*~
,,,,,,*,,,,,#..~♣~♣*~♣♣P*~**~**~,
,,,,,,*,,,,,+....#.~~P♣*~~*~,,,*,
*,***+***+**#....#......,*,,,,,+,
*,*,,,,,,,,......#,..##.,*,,,,,**
,,*,,,,,,,..<....#,..#*,,*****,,,
,,*,,,,,,........#,,..,,,,* *,,,
,,*,,,,,,....###**,,...,,,* *,,,
***,,,,,,,,,,*,,**,,,**,,,* *,,,


You could see a troll and 2 electric eels.

Vanquished Creatures
  A cyclops (D:9)
  A shadow (D:9)
  A wraith (D:6)
  3 wyverns
  5 yaks
  A basilisk (D:9)
  A steam dragon (D:9)
  5 vampire mosquitoes
  An acid dragon (D:9)
  3 water moccasins (D:9)
  4 orc warriors (D:9)
  3 ice beasts
  4 sky beasts
  4 black bears
  2 wolves (D:9)
  2 centaurs
  A phantom (D:6)
  5 bullfrogs
  2 gnoll sergeants
  11 scorpions
  9 wights
  7 howler monkeys
  An electric eel (D:10)
  A centaur zombie (Ossuary)
  A crimson imp (D:7)
  5 jellies
  6 orc priests
  2 gnoll boudas
  3 hounds
  5 human zombies (Ossuary)
  Jessica (D:2)
  7 iguanas
  6 scorpion zombies (Ossuary)
  A sleepcap (D:5)
  Natasha (thrice) (D:3)
  10 orc wizards
  3 mummies (Ossuary)
  Robin (D:2)
  19 gnolls
  6 adders
  An ufetubus (D:6)
  27 orcs
  5 ball pythons
  5 bats
  7 endoplasms
  2 giant cockroaches (D:1)
  4 gnoll zombies (Ossuary)
  12 goblins
  7 hobgoblins
  2 jackals (D:3)
  5 kobolds
  3 quokkas
  4 frilled lizards
  A goblin zombie (D:7)
  5 hobgoblin zombies
  A kobold zombie (D:7)
  An orc skeleton (D:7)
  2 orc zombies
  2 rats (D:1)
  A spectral orc (D:3)
254 creatures vanquished.

Notes
Turn   | Place    | Note
-------+----------+-------------------------------------------
     0 | D:1      | Kranky the Troll Fighter began the quest for the Orb.
     0 | D:1      | Reached XP level 1. HP: 22/22 MP: 0/0
   142 | D:1      | Found Loomadgh's Antique Weapon Emporium.
   146 | D:1      | Reached XP level 2. HP: 29/29 MP: 1/1
   684 | D:2      | Reached XP level 3. HP: 34/36 MP: 2/2
   742 | D:2      | Noticed Jessica
   749 | D:2      | Noticed Robin
   753 | D:2      | Killed Jessica
   757 | D:2      | Killed Robin
   758 | D:2      | Reached XP level 4. HP: 35/45 MP: 3/3
   762 | D:2      | Reached skill level 3 in Unarmed Combat
  1364 | D:3      | Noticed Natasha
  1371 | D:3      | Killed Natasha
  1372 | D:3      | Reached XP level 5. HP: 50/53 MP: 4/4
  1476 | D:3      | Noticed Natasha
  1484 | D:3      | Killed Natasha
  1504 | D:3      | Found a radiant altar of Vehumet.
  1512 | D:3      | Noticed Natasha
  1518 | D:3      | Killed Natasha
  1519 | D:3      | Reached skill level 4 in Unarmed Combat
  1654 | D:3      | Found a basalt altar of Yredelemnul.
  1874 | D:4      | Reached XP level 6. HP: 56/61 MP: 5/5
  1906 | D:4      | Noticed an ice beast
  1919 | D:4      | Killed an ice beast
  1920 | D:4      | Reached skill level 5 in Shields
  1920 | D:4      | Reached skill level 5 in Unarmed Combat
  2085 | D:4      | Identified the +3 spear of Fundamental Breach {spect, Str+3
                  | Int+3}
  2184 | D:4      | Found a shimmering altar of Xom.
  2214 | D:4      | Reached XP level 7. HP: 61/67 MP: 6/6
  2682 | D:5      | Entered Level 5 of the Dungeon
  2729 | D:4      | Reached skill level 6 in Unarmed Combat
  2927 | D:5      | Found Jiaheeq's Mass Market.
  2935 | D:5      | Bought a +0 tower shield for 45 gold pieces
  2963 | D:5      | Reached XP level 8. HP: 75/78 MP: 7/7
  3009 | D:5      | Found a shimmering blue altar of Sif Muna.
  3018 | D:5      | Found a staircase to the Ecumenical Temple.
  3067 | D:5      | Reached skill level 7 in Unarmed Combat
  3068 | Temple   | Entered the Ecumenical Temple
  3165 | D:5      | Found a white marble altar of Elyvilon.
  3288 | D:5      | Found a hazy altar of Hepliaklqana.
  3288 | D:5      | Found a burning altar of Makhleb.
  3438 | D:6      | Found Zuid Jost's Weapon Shoppe.
  3611 | D:5      | Reached skill level 8 in Unarmed Combat
  3824 | D:4      | Reached XP level 9. HP: 41/84 MP: 8/8
  3965 | D:6      | Found a glowing silver altar of Zin.
  3998 | D:6      | Identified the +1 robe "Dodyv" {rC+ rCorr}
  4013 | D:5      | Reached skill level 9 in Unarmed Combat
  4183 | D:6      | Found a bloodstained altar of Trog.
  4344 | D:6      | Found an iron altar of Okawaru.
  4440 | D:7      | Found a glowing golden altar of the Shining One.
  4846 | D:7      | Found a broken altar of Ashenzari.
  4991 | D:7      | Reached skill level 10 in Unarmed Combat
  5172 | D:8      | Found a sand-covered staircase.
  5183 | Ossuary  | Entered an ossuary
  5382 | Ossuary  | Reached XP level 10. HP: 94/94 MP: 9/9
  6186 | D:8      | Reached skill level 11 in Unarmed Combat
  6247 | D:8      | Found a shadowy altar of Dithmenos.
  6344 | D:9      | Noticed a cyclops
  6371 | D:9      | Killed a cyclops
  6772 | D:9      | Reached skill level 5 in Fighting
  6853 | D:9      | Found a staircase to the Lair.
  6898 | D:9      | Reached XP level 11. HP: 102/102 MP: 10/10
  6923 | D:9      | Reached skill level 12 in Unarmed Combat
  6973 | D:9      | Found a staircase to the Orcish Mines.
  7113 | D:9      | Reached skill level 10 in Shields
  7336 | D:9      | Found an ornate altar of the Wu Jian Council.
  7346 | D:9      | Became a worshipper of the Wu Jian Council
  7363 | D:10     | Entered Level 10 of the Dungeon
  7527 | D:10     | Slain by a troll

Illustrated notes

Levels and vault maps discovered:
D:1:      scummos_arrival_star, layout_basic, serial_shops, shop,
          feat_on_display
D:2:      layout_basic, uniq_robin, uniq_jessica
D:3:      layout_basic, fiery_altar_vehumet,
          yredelemnul_forgotten_temple_becter, uniq_natasha
D:4:      layout_loops_ring, mainiacjoe_overflow_surrounded_room
D:5:      layout_cave_pools, led_sif_pool, nicolae_overflow_hidden_temple,
          nicolae_overflow_two_pavilions, minmay_temple_entry_stoned_glass,
          minmay_shop_mass
D:6:      layout_cave_pools, trog_hazing_becter, mainiacjoe_overflow_two_lobes,
          serial_shops, nicolae_shop_hallway_plus, minmay_manual_monstrance
D:7:      layout_basic, nicolae_tso_besieged_by_evil, ashenzari_altar_1
D:8:      layout_basic, grunt_dithmenos_smoke_and_mirrors, enter_ossuary_1
D:9:      layout_basic, kennysheep_little_box, minmay_lair_entry_grove,
          david_orc_4, minivault_20, nrook_campfire
D:10:     layout_gridville, enter_bailey_2, serial_bayou_lake_a, uniq_amaemon
Temple:   corrupted_temple

Skill      XL: |  1  2  3  4  5  6  7  8  9 10 11 |
---------------+----------------------------------+-----
Shields        | 3 4 5 7 8 9 10 | 10.0
Fighting       | 3 4 5 |  5.1
Unarmed Combat | 3 4 5 6 8 10 11 12 | 12.1
Dodging        | 3 4 |  4.5

Action                     |  1- 3 |  4- 6 |  7- 9 | 10-12 || total
---------------------------+-------+-------+-------+-------++-------
  Melee: Unarmed           |    74 |   123 |   373 |   291 ||   861
Ability: Lunge             |       |       |       |     1 ||     1
    Use: Scroll            |       |       |       |    14 ||    14
         Potion            |       |       |       |     1 ||     1
   Stab: Sleeping          |       |     1 |       |       ||     1
 Armour: Robe              |    37 |    25 |    83 |    32 ||   177
  Dodge: Dodged            |    30 |    39 |   155 |    82 ||   306
  Block: Kite shield       |    45 |    87 |    49 |       ||   181
         Reflection        |     4 |       |       |       ||     4
         Tower shield      |       |       |   258 |   205 ||   463
